 Dungeon Crawl Stone Soup version 0.26-a0-852-g6321bf7485 (webtiles) character file.

Game seed: 8542527273211885116

15162 dickylongcocking the Covert (level 12, -6/88 HPs)
             Began as an Octopode Arcane Marksman on Nov 21, 2020.
             Was a High Priest of Makhleb.
             Mangled by a minotaur (11 damage)
             ... in a Gauntlet.
             The game lasted 00:22:57 (12821 turns).

dickylongcocking the Covert (OpAM)                 Turns: 12821, Time: 00:22:57

Health: -6/88      AC:  5    Str: 13    XL:     12   Next: 24%
Magic:  14/16      EV: 13    Int: 22    God:    Makhleb [*****.]
Gold:   539        SH:  0    Dex: 15    Spells: 5/13 levels left

rFire    + . .     SeeInvis .   H - +6 great sword "Wulurch" {venom, +Fly Str+4 Int+3 Dex-3}
rCold    . . .     Faith    .   (shield currently unavailable)
rNeg     + . .     Spirit   .   i - +0 hat "Ceqyapsio" {*Corrode rPois Regen+ Dex+4}
rPois    +         Reflect  .   k - amulet of regeneration
rElec    .         Harm     .   p - ring of protection from fire
rCorr    .         Rampage  .   E - +4 ring of protection
MR       .....     NoTele   +   F - ring of positive energy
Stlth    +++++++...             (no ring)
HPRegen  1.04/turn              (no ring)
MPRegen  0.15/turn              (no ring)
                                (no ring)
                                (no ring)

@: mighty, attractive
A: almost no armour, stealthy swim, amphibious, 8 rings, constrict 8, camouflage
1, gelatinous body 1
a: Minor Destruction, Lesser Servant of Makhleb, Major Destruction, Greater
Servant of Makhleb, Renounce Religion, Evoke Flight


You were in a Gauntlet.
You worshipped Makhleb.
Makhleb was extremely pleased with you.
You visited 1 branch of the dungeon, and saw 12 of its levels.
You also visited: Gauntlet.

You collected 759 gold pieces.
You spent 220 gold pieces at shops.

Inventory:

Hand Weapons
 j - a -3 hunting sling
 x - a +1 dagger of venom
 H - the +6 great sword "Wulurch" (weapon) {venom, +Fly Str+4 Int+3 Dex-3}
   (You found it on level 11 of the Dungeon)

   It poisons the flesh of those it strikes.
   It affects your strength (+4).
   It affects your intelligence (+3).
   It affects your dexterity (-3).
   It lets you fly.
 J - a cursed +3 dagger of freezing
Missiles
 I - 2 javelins (quivered)
Armour
 i - the +0 hat "Ceqyapsio" (worn) {*Corrode rPois Regen+ Dex+4}
   (You found it in a Gauntlet)

   It affects your dexterity (+4).
   It protects you from poison.
   It increases your rate of regeneration.
   It may corrode you when you take damage.
Magical Staves
 t - an uncursed staff of air
Jewellery
 k - an amulet of regeneration (around mantle)
 p - a ring of protection from fire (left tentacle)
 C - an uncursed amulet of magic regeneration
 E - a +4 ring of protection (right tentacle)
 F - a ring of positive energy (on tentacle)
 K - an uncursed ring of fire
Scrolls
 a - 2 scrolls of fear
 b - a scroll of silence
 c - a scroll of immolation
 e - 2 scrolls of remove curse
 f - 3 scrolls of enchant weapon
 g - 6 scrolls of enchant armour
 l - a scroll of blinking
 m - a scroll of amnesia
 n - 5 scrolls of teleportation
 v - a scroll of random uselessness {unknown}
 y - 4 scrolls of magic mapping
 G - a scroll of fog
Potions
 d - 3 potions of flight
 h - a potion of brilliance
 o - a potion of magic
 r - a potion of might
 w - a potion of cancellation
Miscellaneous
 z - a lightning rod (inert)


   Skills:
 * Level 10.5 Fighting
 - Level 7.0 Throwing
 * Level 2.0 Dodging
 * Level 14.2 Stealth
 - Level 1.0 Spellcasting
 * Level 8.9 Hexes
 - Level 4.0 Translocations
 * Level 6.1 Invocations


You had 5 spell levels left.
You knew the following spells:

 Your Spells              Type           Power        Failure   Level
a - Corona                Hex            #####..      1%          1
b - Portal Projectile     Hex/Tloc       ####..       3%          3
c - Cause Fear            Hex            #####.....   3%          4

Your spell library contained the following spells:

 Spells                   Type           Power        Failure   Level
 Slow                     Hex            #####...     1%          2
 Inner Flame              Hex/Fire       ###.....     8%          3
 Shock                    Conj/Air       #...         16%         1
 Poisonous Vapours        Pois/Air       #.....       22%         2
 Swiftness                Air            #.......     22%         2
 Leda's Liquefaction      Hex/Erth       ###.......   24%         4
 Conjure Flame            Conj/Fire      #.......     41%         3
 Mephitic Cloud           Conj/Pois/Air  #.......     41%         3
 Static Discharge         Conj/Air       #.......     41%         3
 Vampiric Draining        Necr           #.........   41%         3
 Airstrike                Air            #.........   83%         4
 Sticky Flame             Conj/Fire      #.......     83%         4
 Excruciating Wounds      Necr           #.........   99%         5
 Lightning Bolt           Conj/Air       #.........   99%         5
 Freezing Cloud           Conj/Ice/Air   #.........   100%        6
 Ignition                 Fire           #.........   100%        8


Dungeon Overview and Level Annotations

Branches:
Dungeon (12/15)            Temple (0/1) D:4            Lair (0/6) D:8
    Orc (0/2) D:12        Gauntlet (1/1)

Altars:
Cheibriados
Elyvilon
Gozag
Kikubaaqudgha
Makhleb
Nemelex Xobeh
Okawaru
Qazlal
Xom
Zin
The Shining One

Shops:
D:8 :(*[

Annotations:
D:10 2 transporters
D:12 Psyche Gauntlet 7 transporters, 1 runed translucent door


Innate Abilities, Weirdness & Mutations

You cannot wear most types of armour.
You are very stealthy in the water. (Stealth+)
You are amphibious.
You can wear up to eight rings at the same time.
You can use your tentacles to constrict eight enemies at once.
Your skin changes colour to match your surroundings (Stealth+).
Your rubbery body absorbs attacks. (AC +1, EV +1)


Message History

Your catoblepas dissolves into shadows!
Your golden eye blinks!
A minotaur is nearby!
Unknown command.
You swap places.
The wolf completely misses your neqoxec.
The minotaur completely misses you.
You riposte.
You slash the minotaur!
The minotaur looks as sick as possible!
You grab the minotaur.
You squeeze the minotaur, but do no damage.
The minotaur is lightly wounded.
The minotaur gores you!
Your neqoxec hits the minotaur! The minotaur blocks your attack.
The minotaur is moderately wounded.
You constrict the minotaur, but do no damage.
Your golden eye dissolves into shadows!
Your golden eye blinks at the minotaur.
The minotaur resists with almost no effort.
The minotaur hits you!!
* * * LOW HITPOINT WARNING * * *
The minotaur gores you!
You die...

......#...≈##
####.=#.P.###.♣. ##
#...#.#.♣..##... #...#
#.©.#©#.PP..#.♣. #.#.#
#...#$#..P♣.#......#.#
.####(#...P.#.©.##.#.# +##
.....t#.....#(§§##...# h⌠.#
#######.....#§§§##§#Y##∩h..#
.........∩..#§§G@H3#.GHh..⌠+
#######.....#§§§##h#○#
...?:[#.....#§§§##(h.#
#####Z#.....#.§§##.#.#
ZZ..#Z#..P♣.#......#.#
###.###.P...#.♣.##.#.#
..#...#.♣..##...##...#
#.###.#.P.###.♣.######
#...+.#...≈##...#


You could see a minotaur (extremely poisoned), a raiju (summoned), a friendly
neqoxec (summoned) and a friendly golden eye (summoned).

Vanquished Creatures
  Erolcha (D:11)
  A boulder beetle (D:11)
  A centaur warrior (D:11)
  2 two-headed ogres (D:10)
  2 death scarabs (Gauntlet)
  A spectral hydra (Gauntlet)
  An ugly thing (D:7)
  3 komodo dragons (D:8)
  A troll (D:10)
  Grinder (D:5)
  Sigmund (D:6)
  6 yaks (D:11)
  Grum (D:8)
  2 basilisks (D:8)
  Menkaure (D:4)
  A spectral cane toad (Gauntlet)
  A water moccasin (D:8)
  A swamp drake (D:8)
  2 black bears
  A spectral torpor snail (Gauntlet)
  An ice beast (D:5)
  2 sky beasts
  7 orc warriors
  2 eyes of draining
  8 ogres
  A necrophage (D:9)
  3 wolves (D:8)
  7 centaurs
  6 bullfrogs
  2 wyvern zombies
  3 scorpions
  7 killer bees
  8 wights
  8 howler monkeys
  3 centaur skeletons
  A centaur zombie (D:9)
  11 hounds
  2 jellies (D:11)
  7 orc priests
  8 orc wizards
  A bullfrog skeleton (D:9)
  Ijyb (D:4)
  2 iguanas
  10 worker ants
  2 hound zombies
  4 hound skeletons
  A howler monkey zombie (D:4)
  A worker ant zombie (D:7)
  Robin (D:4)
  17 adders
  A howler monkey skeleton (D:4)
  A shadow imp (D:9)
  5 white imps
  3 ufetubi
  An ooze (D:1)
  An adder zombie (D:5)
  2 dart slugs
  6 leopard geckos
  56 orcs
  4 bats
  2 bat zombies (D:9)
  4 giant cockroaches
  14 goblins
  8 hobgoblins
  8 jackals
  2 quokkas
  3 frilled lizards
  4 kobolds
  A leopard gecko skeleton (D:5)
  8 rats
  A rat zombie (D:9)
303 creatures vanquished.

Vanquished Creatures (collateral kills)
  A slime creature (Gauntlet)
1 creature vanquished.

Vanquished Creatures (others)
  2 jackals (D:6)
  A quokka (D:6)
  A demonic plant (Gauntlet)
4 creatures vanquished.

Grand Total: 308 creatures vanquished

Notes
Turn   | Place    | Note
-------+----------+-------------------------------------------
     0 | D:1      | dickylongcocking the Octopode Arcane Marksman began the
                  | quest for the Orb.
     0 | D:1      | Reached XP level 1. HP: 13/13 MP: 2/2
   300 | D:1      | Reached XP level 2. HP: 18/18 MP: 3/3
  1134 | D:2      | Reached XP level 3. HP: 22/23 MP: 4/4
  1532 | D:2      | Reached XP level 4. HP: 21/28 MP: 5/5
  2038 | D:3      | Found a burning altar of Makhleb.
  2047 | D:3      | Reached skill level 5 in Throwing
  2047 | D:3      | Reached XP level 5. HP: 15/33 MP: 6/6
  2087 | D:3      | Became a worshipper of Makhleb the Destroyer
  2133 | D:3      | Found a shimmering altar of Xom.
  2206 | D:3      | Found a snail-covered altar of Cheibriados.
  2212 | D:3      | Found an iron altar of Okawaru.
  2842 | D:4      | Found a glowing golden altar of the Shining One.
  2947 | D:4      | Reached XP level 6. HP: 34/38 MP: 7/7
  2952 | D:4      | Noticed Menkaure
  2957 | D:4      | Reached * piety under Makhleb
  2969 | D:4      | Killed Menkaure
  2970 | D:4      | Reached skill level 2 in Stealth
  3071 | D:4      | Reached skill level 3 in Stealth
  3134 | D:4      | Reached XP level 7. HP: 34/45 MP: 8/8
  3237 | D:4      | Noticed Ijyb
  3244 | D:4      | Reached skill level 4 in Stealth
  3252 | D:4      | Killed Ijyb
  3257 | D:4      | Noticed Robin
  3286 | D:4      | Killed Robin
  3464 | D:4      | Found a staircase to the Ecumenical Temple.
  3615 | D:5      | Entered Level 5 of the Dungeon
  3646 | D:5      | Noticed Grinder
  3654 | D:5      | Killed Grinder
  3655 | D:5      | Reached skill level 5 in Stealth
  3663 | D:5      | Reached XP level 8. HP: 49/54 MP: 9/9
  3844 | D:5      | Reached skill level 6 in Stealth
  3943 | D:5      | Reached ** piety under Makhleb
  4164 | D:5      | Reached skill level 5 in Fighting
  4164 | D:5      | Reached skill level 7 in Stealth
  4604 | D:6      | Found a stormy altar of Qazlal.
  4667 | D:6      | Found a white marble altar of Elyvilon.
  4691 | D:6      | Noticed Sigmund
  4700 | D:6      | Killed Sigmund
  4701 | D:6      | Reached skill level 8 in Stealth
  4798 | D:6      | Reached XP level 9. HP: 62/62 MP: 10/10
  4864 | D:6      | Learned a level 3 spell: Portal Projectile
  4892 | D:6      | Reached skill level 1 in Translocations
  5068 | D:6      | Reached skill level 9 in Stealth
  6106 | D:7      | Found a glowing silver altar of Zin.
  6133 | D:7      | Noticed a purple ugly thing
  6156 | D:7      | Killed a purple ugly thing
  6447 | D:7      | Reached skill level 10 in Stealth
  6802 | D:8      | Found Quutyh's Assorted Antiques.
  6805 | D:8      | Bought a coral ring for 110 gold pieces
  6805 | D:8      | Bought a glowing coral ring for 110 gold pieces
  6810 | D:8      | Found Beojuninn's Antique Weapon Emporium.
  6916 | D:8      | Noticed Grum
  6923 | D:8      | Killed Grum
  6938 | D:8      | Reached XP level 10. HP: 71/71 MP: 11/11
  7087 | D:8      | Found Feufeunn's Antique Armour Emporium.
  7132 | D:8      | Reached skill level 5 in Hexes
  7290 | D:8      | Reached skill level 11 in Stealth
  7326 | D:8      | Reached *** piety under Makhleb
  7418 | D:8      | Found a staircase to the Lair.
  7863 | D:8      | Found Vabec's Book Emporium.
  8244 | D:9      | Reached skill level 12 in Stealth
  8269 | D:9      | Identified the Tome of Necromancy and the Arsonist
  8473 | D:9      | Found an opulent altar of Gozag.
  8474 | D:9      | Found a sparkling altar of Nemelex Xobeh.
  8830 | D:9      | Found an ancient bone altar of Kikubaaqudgha.
  9170 | D:10     | Entered Level 10 of the Dungeon
  9175 | D:10     | Reached **** piety under Makhleb
  9176 | D:10     | Reached skill level 1 in Invocations
  9490 | D:10     | Reached XP level 11. HP: 61/80 MP: 12/12
  9708 | D:10     | Noticed a two-headed ogre
  9718 | D:10     | Killed a two-headed ogre
  9764 | D:10     | Noticed a two-headed ogre
  9774 | D:10     | Killed a two-headed ogre
 10420 | D:10     | HP: 6/120 [troll (3)]
 10423 | D:10     | Reached skill level 13 in Stealth
 10531 | D:10     | Learned a level 4 spell: Cause Fear
 11032 | D:10     | Found a transporter.
 11032 | D:10     | Found a transporter.
 11032 | D:10     | Noticed a boulder beetle
 11165 | D:11     | Noticed Erolcha
 11172 | D:11     | Paralysed by Erolcha for 4 turns
 11175 | D:11     | Killed Erolcha
 11204 | D:11     | Reached ***** piety under Makhleb
 11305 | D:11     | Noticed a centaur warrior
 11351 | D:11     | Killed a centaur warrior
 11352 | D:11     | Reached skill level 10 in Fighting
 11487 | D:11     | Noticed a boulder beetle
 11508 | D:11     | Killed a boulder beetle
 11571 | D:11     | Reached skill level 5 in Invocations
 11767 | D:11     | Got a fine great sword
 11771 | D:11     | Identified the +6 great sword "Wulurch" {venom, +Fly Str+4
                  | Int+3 Dex-3} (You found it on level 11 of the Dungeon)
 11872 | D:11     | Reached XP level 12. HP: 87/87 MP: 8/16
 12104 | D:11     | HP: 4/87 [poisoned by a killer bee]
 12239 | D:12     | Noticed Psyche
 12256 | D:12     | Found a gate leading to a gauntlet.
 12265 | Gauntlet | Entered a Gauntlet
 12265 | Gauntlet | Found a transporter.
 12283 | Gauntlet | Found a transporter.
 12285 | Gauntlet | Found a transporter.
 12300 | Gauntlet | Found a transporter.
 12302 | Gauntlet | Found a transporter.
 12311 | Gauntlet | Found a transporter.
 12327 | Gauntlet | Found a transporter.
 12336 | Gauntlet | Found a transporter.
 12340 | Gauntlet | Found a runed translucent door.
 12344 | Gauntlet | Noticed a death scarab
 12344 | Gauntlet | Noticed a death scarab
 12347 | Gauntlet | Found a transporter.
 12362 | Gauntlet | Found a transporter.
 12377 | Gauntlet | Found a transporter.
 12377 | Gauntlet | Found a transporter.
 12402 | Gauntlet | HP: 3/87 [slime creature (11)]
 12579 | Gauntlet | Found a transporter.
 12773 | Gauntlet | Killed a death scarab
 12773 | Gauntlet | Killed a death scarab
 12774 | Gauntlet | Reached skill level 14 in Stealth
 12785 | Gauntlet | Got a steaming hat
 12790 | Gauntlet | Identified the cursed +0 hat "Ceqyapsio" {*Corrode rPois
                  | Regen+ Dex+4} (You found it in a Gauntlet)
 12803 | Gauntlet | Noticed a minotaur
 12821 | Gauntlet | Mangled by a minotaur

Illustrated notes

Levels and vault maps discovered:
D:1:      eino_arrival_tree_alley, layout_loops_cross, st_stairs_2
D:2:      layout_rooms
D:3:      layout_basic, makhleb_blood_cavern_becter,
          grunt_temple_overflow_diamond
D:4:      layout_loops_ring, minmay_temple_entry_enclosed_plants,
          grunt_ministairs_7, kennysheep_cross_bottleneck,
          kennysheep_decorative_pillar, grunt_decor_fettered,
          nicolae_tso_carved_into_rock, uniq_ijyb, uniq_menkaure, uniq_robin
D:5:      layout_basic, enter_ossuary_2, uniq_grinder
D:6:      layout_basic, elyvilon_altar_4, kennysheep_little_box, uniq_sigmund
D:7:      layout_gridville, lemuel_coloured_pillars_altar, serial_glass,
          glass_columns_c, glass_columns_a, glass_columns_c, glass_columns_a,
          glass_columns_a, glass_columns_a, glass_columns_a, glass_columns_a,
          due_unseen_surprise, minmay_strange_pillars, wad_mini_maze
D:8:      layout_basic, erik_lair_dragon, serial_shops, shop, shop,
          kennysheep_mini_moat, nicolae_shop_competitors_out_of_business,
          uniq_grum
D:9:      layout_basic, grunt_temple_overflow_opulence,
          lemuel_zombie_altar_kikubaaqudgha
D:10:     gammafunk_boulding_lane, layout_loops_cross, special_room
          [special_room_orc], minmay_diced_spiral
D:11:     layout_basic, special_room [special_room_bee], uniq_erolcha
D:12:     layout_irregular_city, orc_0_dummy, enter_bailey_8,
          gauntlet_entry_generic, uniq_nergalle, uniq_gastronok, uniq_psyche
Gauntlet: minmay_gauntlet_77_tree [minmay_gauntlet_arena_77_two_paths,
          minmay_gauntlet_arena_77_double_cross,
          minmay_gauntlet_arena_77_tiled_triplets,
          minmay_gauntlet_arena_77_mirror, minmay_gauntlet_arena_77_box,
          minmay_gauntlet_arena_77_path, minmay_gauntlet_arena_77_braids,
          gauntlet_exit_hidden_loot]

Skill      XL: |  1  2  3  4  5  6  7  8  9 10 11 12 |
---------------+-------------------------------------+-----
Throwing       | 3 4 5 6 7 |  7.0
Fighting       | 2 3 6 7 9 10 | 10.5
Stealth        | 3 5 8 10 12 13 14 | 14.2
Translocations | 3 4 |  4.0
Hexes          | 4 6 8 |  8.9
Invocations    | 1 5 6 |  6.1
Dodging        | |  2.0
Spellcasting   | |  1.0

Action                   |  1- 3 |  4- 6 |  7- 9 | 10-12 || total
-------------------------+-------+-------+-------+-------++-------
Melee: Unarmed           |    79 |    75 |       |       ||   154
       Constrict         |    27 |    36 |    43 |    89 ||   195
       Tentacles         |    18 |    24 |    36 |   113 ||   191
       Dagger            |       |    46 |   190 |   546 ||   782
       Great sword       |       |       |       |    24 ||    24
Throw: Javelin           |     3 |    11 |    26 |    18 ||    58
       Throwing net      |       |     1 |     6 |       ||     7
 Cast: Portal Projectile |       |       |     2 |     1 ||     3
       Cause Fear        |       |       |       |    16 ||    16
Invok: Lesser Servant of |       |       |       |     4 ||     4
Evoke: Wand              |       |       |    13 |       ||    13
       Lightning rod     |       |       |       |     4 ||     4
  Use: Scroll            |     1 |       |       |    20 ||    21
       Potion            |       |     3 |     5 |    22 ||    30
 Stab: Sleeping          |     4 |     4 |    21 |    36 ||    65
       Distracted        |     1 |       |     1 |       ||     2
       Held in net/web   |       |     1 |     1 |       ||     2
Armor: Skin              |     9 |     4 |    10 |   209 ||   232
Dodge: Dodged            |    46 |   107 |   169 |   405 ||   727
       Rpst.: Great sword |       |       |       |    13 ||    13

Table legend: (Time is in decaauts)
 A = Elapsed time spent in this place.
 B = Non-inter-level travel time spent in this place.
 C = Inter-level travel time spent in this place.
 D = Time resting spent in this place.
 E = Time spent auto-exploring this place.
 F = Levels seen in this place.
 G = Mean time per level.
                   A        B        C        D        E       F      G
               +--------+--------+--------+--------+--------+-----+--------+
         Total |  12860 |  12498 |    362 |   2212 |   7366 |  13 |  989.2 |
       Dungeon |  12327 |  11965 |    362 |   1912 |   7361 |  12 | 1027.2 |
      Gauntlet |    532 |    532 |      0 |    300 |      5 |   1 |  532.0 |
               +--------+--------+--------+--------+--------+-----+--------+

Top non-repeatable levels by time:
     D:8: 1561 daAuts
     D:9: 1494 daAuts
    D:10: 1406 daAuts
     D:7: 1304 daAuts
     D:1: 1055 daAuts
     D:3: 1029 daAuts
    D:11: 1004 daAuts
     D:4: 957 daAuts
     D:5: 902 daAuts
     D:6: 896 daAuts
     D:2: 582 daAuts
Gauntlet: 532 daAuts
    D:12: 132 daAuts
